 Dungeon Sprint DCSS version 0.28-a0-258-g8de209e91f (webtiles) character file.

Game seed: 17975154314637479296

25 MikeHunt the Slasher (level 3, -13/51 HPs)
             Began as a Naga Fighter on Aug 26, 2021.
             Mangled by a water elemental (14 damage)
             ... in the Dungeon (Sprint III: "The Ten Rune Challenge").
             The game lasted 00:01:02 (529 turns).

MikeHunt the Slasher (Naga Fighter)                  Turns: 529, Time: 00:01:03

Health: -13/51     AC:  4    Str: 18    XL:     3   Next: 4%
Magic:  3/3        EV:  5    Int:  8    God:
Gold:   21         SH:  8    Dex: 11    Spells: 2/2 levels left

rFire   . . .      SeeInvis +   a - +0 long sword
rCold   . . .      Faith    .   c - +0 kite shield
rNeg    . . .      Spirit   .   b - +0 scale mail
rPois   +          Reflect  .   (no helmet)
rElec   .          Harm     .   (no cloak)
rCorr   .          Rampage  .   (no gloves)
Will    .....      NoTele   +   (no barding)
Stlth   ..........              (no amulet)
HPRegen 0.17/turn               (no ring)
MPRegen 0.08/turn               (no ring)

@: berserking, engulfed (cannot breathe), quick
A: AC +1, large, see invisible, deformed body, poison resistance, slowness 2,
spit poison 1, naga tail 1
a: Spit Poison


You were in the Dungeon.
You visited 1 branch You collected 21 gold pieces.

Inventory:

Hand Weapons
 a - a +0 long sword (weapon)
Armour
 b - a +0 scale mail (worn)
 c - a +0 kite shield (worn)
Scrolls
 j - a scroll of blinking
 k - a scroll of enchant weapon {unknown}
 l - a scroll of torment {unknown}
 m - 2 scrolls of identify {unknown}
 o - a scroll of immolation {unknown}
Potions
 d - a potion of might
 e - a potion of curing
 f - a potion of heal wounds
 g - a potion of haste
 h - 2 potions of magic
 n - a potion of degeneration {unknown}
 p - 2 potions of flight {unknown}
 q - 5 potions of mutation


   Skills:
 - Level 3.0 Fighting
 + Level 4.4 Long Blades
 - Level 2.4 Armour
 + Level 4.1 Shields


You had 2 spell levels left.
You didn't know any spells.
Your spell library was empty.

Dungeon Overview and Level Annotations

Branches:
Dungeon (1/1)

Altars:


Innate Abilities, Weirdness & Mutations

Your serpentine skin is tough. (AC +1)
You have supernaturally acute eyesight. (SInv)
Armour fits poorly on your strangely shaped body.
Your system is resistant to poisons. (rPois)
You cover ground very slowly.
You can spit poison.
You have a snake-like lower body.


Message History

You start resting.
You enter the shallow water.
Moving in this stuff is going to be slow.
You start resting.
HP restored.
You open the door.
A water elemental comes into view.
The water elemental moves out of view.
You block the water elemental's attack.
There is an open door to the Ecumenical Temple here.
You block the water elemental's attack.
A red film seems to cover your vision as you go berserk!
You feel yourself moving faster!
You feel mighty! The water elemental hits you!
You slash the water elemental!
The water elemental is moderately damaged.
The water elemental hits you.
The water elemental engulfs you in water!
You barely miss the water elemental.
The water elemental is moderately damaged.
Your lungs strain for air!
The water elemental hits you.
You barely miss the water elemental.
The water elemental is moderately damaged.
Your lungs strain for air!
The water elemental hits you!
You hit the water elemental.
The water elemental is heavily damaged.
* * * LOW HITPOINT WARNING * * *
Your lungs strain for air!
You block the water elemental's attack.
You completely miss the water elemental.
The water elemental is heavily damaged.
* * * LOW HITPOINT WARNING * * *
Your lungs strain for air!
Your scale mail prevents you from hitting the water elemental.
The water elemental is heavily damaged.
* * * LOW HITPOINT WARNING * * *
Your lungs strain for air!
The water elemental hits you!
You die...

▓▓▓▓▓▓▓▓▓▓▓▓ ▓▓▓
<.#..'...♣.♣ ♣.#
..#..#....♣ ♣♣.#
#'####....♣♣ ♣..#
..†..#....≈♣♣♣♣..###+#+##
.....#...≈≈♣♣.♣♣.#.......
.....#..≈≈≈≈.....E.⌠.....
####'#..≈≈≈≈≈≈.♣@#...####
|..†.#.≈≈≈≈≈≈....#.⌠.#
.....#.≈≈≈≈≈.....#...#
.....#.≈≈≈.......#+###
'#####...........#
.................#
▓▓▓▓▓▓▓▓▓▓▓▓▓▓▓▓▓▓


You could see a water elemental.

Vanquished Creatures
  A human (D)
  A phantom (D)
  An endoplasm (D)
  3 rats (D)
6 creatures vanquished.

Notes
Turn   | Place    | Note
-------+----------+-------------------------------------------
     0 | D        | MikeHunt the Naga Fighter began the quest for the Orb.
     0 | D        | Reached XP level 1. HP: 21/21 MP: 1/1
   268 | D        | Reached XP level 2. HP: 28/28 MP: 2/2
   310 | D        | Reached XP level 3. HP: 9/34 MP: 3/3
   520 | D        | Noticed a water elemental
   529 | D        | HP: 1/51 [drowned by a water elemental (6)]
   529 | D        | Mangled by a water elemental

Illustrated notes

Levels and vault maps discovered:
D:        dungeon_sprint_mu [sprint_mu_entry_forest, sprint_mu_temple_rooms,
          sprint_mu_d1_horrors, sprint_mu_d2_genie, sprint_mu_d3_branching,
          sprint_mu_orc_legion, sprint_mu_elf_gauntlet, sprint_mu_hive_nellie,
          sprint_mu_lair_fedhas, sprint_mu_vaults_butterflies,
          sprint_mu_slime_circle, sprint_mu_swamp_cave, sprint_mu_snake_twists,
          sprint_mu_blade_basic, sprint_mu_crypt_lich, sprint_mu_tomb_spiral,
          sprint_mu_vestibule_basic, sprint_mu_gehenna_hellfire,
          sprint_mu_dis_giant, sprint_mu_tartarus_statrot,
          sprint_mu_cocytus_islands, sprint_mu_zot1]

Skill      XL: |  1  2 |
---------------+-------+-----
Shields        | 3 4 |  4.1
Long Blades    | 3 4 |  4.4
Fighting       | |  3.0
Armour         | |  2.4

Action                   || total
-------------------------++-------
Melee: Long sword        ||    44
 Abil: Spit Poison       ||     5
  Use: Potion            ||     1
Armor: Scale mail        ||    13
Dodge: Dodged            ||     8
Block: Kite shield       ||    18
       Rpst.: Long sword ||     1

Table legend: (Time is in decaauts)
 A = Elapsed time spent in this place.
 B = Non-inter-level travel time spent in this place.
 C = Inter-level travel time spent in this place.
 D = Time resting spent in this place.
 E = Time spent auto-exploring this place.
 F = Levels seen in this place.
 G = Mean time per level.
                   A        B        C        D        E       F      G
               +--------+--------+--------+--------+--------+-----+--------+
         Total |    578 |    578 |      0 |    403 |      0 |   1 |  578.0 |
       Dungeon |    578 |    578 |      0 |    403 |      0 |   1 |  578.0 |
               +--------+--------+--------+--------+--------+-----+--------+

Top non-repeatable levels by time:
       D: 578 daAuts
